 Dungeon Crawl Stone Soup version 0.16.2-12-gd0ad4c3 (webtiles) character file.

416796 faibistes the Sorcerer (level 22, -33/132 HPs)
             Began as a Deep Elf Wizard on Dec 21, 2018.
             Was the Champion of Sif Muna.
             Annihilated by a stone giant (44 damage)
             ... on level 3 of the Depths on Dec 22, 2018.
             The game lasted 05:17:39 (102226 turns).

faibistes the Sorcerer (Deep Elf Wizard)          Turns: 102226, Time: 05:17:40

Health: -33/132    AC: 11    Str:  4    XL:     22   Next: 57%
Magic:  6/66       EV: 19    Int: 34    God:    Sif Muna [******]
Gold:   3532       SH:  0    Dex: 16    Spells: 14 memorised, 0 levels left

rFire  . . .     SeeInvis .     w - staff of power
rCold  . . .     Clarity  +     U - +2 robe {Archmagi}
rNeg   . . .     SustAb   .     (no shield)
rPois  .         Gourm    +     p - +1 hat
rElec  .         Spirit   .     s - +2 cloak
rCorr  .         Warding  .     T - +2 pair of gloves {Dex+3}
rMut   .         Stasis   .     (no boots)
MR     ++...                    y - amulet of the gourmand
Stlth  ++........               z - ring of magical power
                                Z - ring of wizardry

@: about to teleport, slowed, very slow, very resistant to hostile enchantments,
unstealthy
A: clarity, sense surroundings 1
a: Channel Energy, Forget Spell, Renounce Religion
}: 2/15 runes: decaying, gossamer


You were on level 3 of the Depths.
You worshipped Sif Muna.
Sif Muna was exalted by your worship.
You were not hungry.

You visited 9 branches of the dungeon, and saw 47 of its levels.

You collected 5391 gold pieces.
You spent 1859 gold pieces at shops.

Inventory:

Armour
 p - a +1 hat (worn)
 s - a +2 cloak (worn)
 T - a +2 pair of gloves of dexterity (worn)
 U - a +2 robe of the Archmagi (worn)
Magical staves
 w - an uncursed staff of power (weapon)
 P - an uncursed staff of air
Rods
 V - a +0 rod of ignition (12/12)
   (You found it on level 2 of the Lair of Beasts)
Jewellery
 u - an uncursed ring of see invisible
 y - an amulet of the gourmand (around neck)
 z - a ring of magical power (right hand)
 D - an uncursed amulet of resist corrosion
 H - an uncursed amulet of warding
 Z - a ring of wizardry (left hand)
Magical devices
 g - a wand of cold (8)
 i - a wand of polymorph (13)
 l - a wand of lightning (2)
 r - a wand of fireball (4)
 B - a wand of enslavement (8)
 F - a wand of enslavement (12)
 K - a wand of heal wounds (0)
 L - a wand of fire (7)
Scrolls
 c - 8 scrolls of fear
 k - 9 scrolls of teleportation
 v - 8 scrolls of magic mapping
 A - 2 scrolls of holy word
 J - 5 scrolls of recharging
 R - 7 scrolls of identify
 S - 9 scrolls of remove curse
 W - 5 scrolls of immolation
 Y - 8 scrolls of fog
Potions
 a - 6 potions of flight
 e - a potion of cure mutation
 f - 10 potions of curing
 h - 5 potions of brilliance
 m - 4 potions of haste
 o - 2 potions of magic
 t - 7 potions of ambrosia
 x - 9 potions of restore abilities
 E - a potion of invisibility
 G - 4 potions of cancellation
 N - a potion of heal wounds
 O - 2 potions of resistance
Books
 b - Sif Muna's Catalogue of Scorching Damage Dealing
   (Sif Muna gifted it to you on level 3 of the Depths)

   Spells                             Type                      Level
   a - Magic Dart                     Conjuration                  1
   b - Throw Flame                    Conjuration/Fire             2
   c - Conjure Flame                  Conjuration/Fire             3
   d - Conjure Ball Lightning         Conjuration/Air              6
   e - Orb of Destruction             Conjuration                  7
Comestibles
 d - 25 bread rations
 j - 7 royal jellies
 n - 20 meat rations


   Skills:
 + Level 12.3 Fighting
 - Level 10.0 Dodging
 - Level 2.4 Stealth
 * Level 23.4 Spellcasting
 * Level 18.0 Conjurations
   Level 5.0 Hexes
 - Level 7.1 Charms
   Level 1.1 Summonings
 - Level 2.0 Necromancy
 + Level 7.7 Translocations
 - Level 3.9 Transmutations
 * Level 17.7 Fire Magic
 - Level 3.2 Ice Magic
 - Level 4.0 Air Magic
 * Level 17.8 Earth Magic
   Level 2.9 Poison Magic
 - Level 10.0 Invocations
 - Level 9.1 Evocations


You couldn't memorise any spells.
You knew the following spells:

 Your Spells              Type           Power        Failure   Level  Hunger
a - Lehudib's Crystal Sp  Conj/Erth      ########..   1%          8    ##.....
b - Ring of Flames        Chrm/Fire      ########..   1%          7    None
c - Iskenderun's Battles  Conj/Chrm      ########     1%          5    None
d - Blink                 Tloc           N/A          1%          2    None
e - Freezing Cloud        Conj/Ice/Air   #######...   1%          6    None
f - Deflect Missiles      Chrm/Air       #######...   6%          6    None
g - Passwall              Trmt/Erth      ########..   1%          3    None
h - Swiftness             Chrm/Air       #######.     1%          2    None
i - Animate Dead          Necr           N/A          1%          4    None
k - Passage of Golubria   Tloc           N/A          1%          4    None
l - Lee's Rapid Deconstr  Erth           ########..   0%          5    None
v - Bolt of Fire          Conj/Fire      ########..   1%          6    None
x - Force Lance           Conj/Tloc      ########     1%          4    None
z - Fireball              Conj/Fire      ########..   0%          5    None


Dungeon Overview and Level Annotations

Branches:
Dungeon (15/15)            Temple (1/1) D:7            Lair (8/8) D:8
  Swamp (5/5) Lair:6       Spider (5/5) Lair:4        Slime (0/6) Lair:7
    Orc (4/4) D:9             Elf (2/3) Orc:4        Vaults (4/5) D:13
  Crypt (0/3) Vaults:3     Depths (3/5) D:15

Altars:
Ashenzari
Cheibriados
Dithmenos
Elyvilon
Fedhas
Gozag
Kikubaaqudgha
Makhleb
Nemelex Xobeh
Okawaru
Qazlal
Ru
Sif Muna
Trog
Vehumet
Xom
Yredelemnul
Zin
The Shining One
Beogh

Shops:
D:4 [   D:8 (*   D:9 *   D:10 (   D:13 }   Orc:2 (   Orc:4 *?[*   Vaults:1 ?
Vaults:2 ?

Portals:
Hell: Lair:8 Depths:1 Depths:2
Abyss: Depths:1 Depths:2
Pandemonium: Depths:1 Depths:2 Depths:3
Ziggurat: Depths:3
Trove: Vaults:2 (give 11 potions of heal wounds)

Annotations:
Lair:1 exclusion: oklob plant
Depths:3 Frederick


Innate Abilities, Weirdness & Mutations

You possess an exceptional clarity of mind.
You passively map a small area around you.


Message History

The tengu conjurer shouts!
The green ugly thing barely misses you. The stone giant hits you!
The deep troll earth mage bites you. The deep troll earth mage claws you.
The deep troll earth mage claws you.
Drink which item? (? for menu, Esc to quit)
Okay, then.
Read which item? (? for menu, Esc to quit)
As you read the scroll of teleportation, it crumbles to dust.
You feel strangely unstable.
Frederick shouts!
You hear a horrible gurgling sound!
The green ugly thing pecks you.
* * * LOW HITPOINT WARNING * * *
The stone giant hits you!!
* * * LOW HITPOINT WARNING * * *
The deep troll earth mage closely misses you.
The deep troll earth mage claws you but does no damage.
The deep troll earth mage barely misses you.
The green ugly thing pecks you but does no damage.
The stone giant hits you!!!
You die...

* ######.#####.#
..............#
#...C.....(...##
.#...#...#.u(..# ###
.#.......#...## ,#(#
#.#.......#..# ##J##
#.#..@...uw.##
#JuY#*.#.#...##CuT.#
iu#.J#*.#.....##@.##
J#.#..##..........#
#...#..##......[Q.#
.....#..##.....÷÷.#
......#..##.#.#.[.#
.......#..##.#.#.[#
........#..##.#.#.#
........,#..@#.#.##
..⌠.......#...#.#.#


You could see a stone giant, 3 ugly things, a torpor snail, a deep troll earth
mage and a tengu conjurer.

Vanquished Creatures
  Boris (Vaults:3)
  Margery (Vaults:4)
  Norris (Spider:4)
  Arachne (Spider:2)
  A bone dragon (Swamp:5)
  Nikola (Swamp:5)
  2 tentacled monstrosities (Depths:3)
  A deep elf blademaster (Elf:2)
  A quicksilver dragon (Depths:2)
  Asterion (Elf:2)
  4 liches
  2 sphinxes (Vaults:1)
  Rupert (Elf:2)
  3 thorn hunters
  Kirke (Elf:2)
  4 tengu reavers
  2 shadow dragons (Vaults:1)
  4 storm dragons
  Frances (Spider:1)
  Roxanne (Spider:5)
  4 vault wardens
  Wiglaf (Vaults:1)
  6 frost giants
  2 ghost moths (Spider:5)
  5 fire giants
  Aizul (Vaults:1)
  Louise (Elf:2)
  8 emperor scorpions
  A deep elf sorcerer (Vaults:2)
  Jorgrun (Spider:4)
  8 stone giants
  8 very ugly things
  8 ironheart preservers
  A deep elf demonologist (Vaults:2)
  A vampire knight (Depths:1)
  A deep elf annihilator (Vaults:1)
  A dire elephant (Lair:8)
  A deep elf death mage (Elf:1)
  3 minotaurs (Depths:3)
  10 ettins
  Snorg (Spider:2)
  11 fire dragons
  7 great orbs of eyes
  A deep elf high priest (Depths:3)
  A crystal guardian (Vaults:4)
  A minotaur (shapeshifter) (Vaults:3)
  12 vault guards
  5 ice dragons
  8 yaktaur captains
  26 hydras
  4 rakshasas
  4 spriggan air magi
  A ghost crab (Swamp:5)
  5 alligators
  12 ogre magi
  A ghost crab (shapeshifter) (D:14)
  Erica (D:14)
  18 dancing weapons
  7 centaur warriors
  A catoblepas (Depths:3)
  7 death yaks
  4 deep troll shamans
  The ghost of faibistes the Thaumaturge, a powerful DEWz of Sif Muna (Lair:2)
  The ghost of faibistes the Thaumaturge, a powerful DEWz of Sif Muna (D:9)
  5 spriggan berserkers
  6 tengu warriors
  7 deep troll earth magi
  A vampire mage (Vaults:1)
  Nergalle (Lair:7)
  2 soul eaters
  A shock serpent (shapeshifter) (D:12)
  An iron troll (Depths:3)
  A fire crab (shapeshifter) (Elf:2)
  A sun demon (Lair:8)
  A shadow wraith (Vaults:3)
  2 giant orange brains
  13 skeletal warriors
  3 hell knights (Vaults:4)
  6 unseen horrors
  15 deep elf knights
  3 spriggan druids (Swamp:5)
  18 deep trolls
  A putrid demonspawn (Depths:1)
  A deep troll (shapeshifter) (Vaults:1)
  2 flayed ghosts
  A lindwurm (shapeshifter) (Depths:3)
  6 swamp dragons
  2 spectral hydras (Swamp:5)
  An ice statue (Lair:6)
  7 deep elf summoners
  5 ironbrand convokers
  17 orc knights
  A swamp dragon (shapeshifter) (Depths:3)
  6 necromancers
  Erolcha (D:9)
  Pikel (D:9)
  14 hornets
  An anubis guard (shapeshifter) (Vaults:4)
  7 hill giants
  2 shambling mangroves (Swamp:5)
  45 wolf spiders
  11 deep elf conjurers
  7 griffons
  5 harpies (Vaults:2)
  A wizard (Lair:8)
  24 ugly things
  2 orc sorcerers
  2 oklob plants
  A frost giant zombie (Depths:2)
  2 moths of wrath
  5 cyclopes
  A sphinx skeleton (Depths:2)
  17 orb spiders
  A sixfirhy (Lair:8)
  4 phantasmal warriors
  10 vault sentinels
  11 elephants
  A black mamba (shapeshifter) (Vaults:1)
  Maurice (D:8)
  A guardian serpent (shapeshifter) (D:14)
  5 black mambas
  A storm dragon simulacrum (Vaults:2)
  3 torpor snails
  2 orange demons (Lair:8)
  A gargoyle (D:14)
  2 elves (shapeshifter)
  20 spiny frogs
  5 swamp worm zombies (Swamp:5)
  A kobold demonologist (D:14)
  3 large abominations (Elf:1)
  A queen bee (D:14)
  A tormentor (Depths:1)
  A queen bee (shapeshifter) (Vaults:4)
  A golden dragon simulacrum (Depths:2)
  55 yaktaurs
  4 red devils (Lair:8)
  9 komodo dragons
  4 human zombies (Vaults:3)
  2 tengu conjurers (Depths:2)
  24 demonic crawlers
  29 jumping spiders
  2 freezing wraiths
  4 trolls
  29 blink frogs
  A fire drake (Lair:8)
  17 deep elf priests
  4 hydra zombies (Swamp:5)
  29 two-headed ogres
  2 blue devils
  10 giant leeches
  Prince Ribbit (Lair:1)
  2 hellwings
  A stone giant simulacrum (Depths:2)
  10 baby alligators
  19 ravens
  A polar bear (Lair:6)
  4 alligator zombies (Swamp:5)
  A spectral swamp dragon (Swamp:5)
  5 boulder beetles
  26 slime creatures
  10 bog bodies
  6 shadows
  6 basilisks
  24 trapdoor spiders
  25 deep elf magi
  43 redbacks
  3 vampires
  A basilisk (shapeshifter) (Depths:3)
  4 wraiths
  10 spriggans
  3 water elementals (Depths:3)
  40 tarantellas
  4 wyverns
  27 deep elf fighters
  A hog (Elf:2)
  2 humans
  2 hungry ghosts
  Grum (D:9)
  17 wolves
  70 yaks
  11 hippogriffs
  2 neqoxecs
  A soldier ant (D:11)
  5 wargs
  30 vampire mosquitoes
  16 insubstantial wisps
  A mottled dragon (Vaults:1)
  26 water moccasins
  5 sky beasts
  20 porcupines
  32 swamp worms
  57 spiders
  9 swamp drakes
  25 ice beasts
  3 slaves (D:9)
  A spider (shapeshifter) (Vaults:3)
  A wasp (shapeshifter) (Vaults:2)
  2 black bears
  An eye of draining (D:14)
  3 hell hounds (Lair:8)
  8 phantoms
  59 orc warriors
  A necrophage (D:9)
  3 swamp dragon zombies (Swamp:5)
  An eye of draining (shapeshifter) (Vaults:4)
  3 boggarts (Vaults:2)
  12 wasps
  25 centaurs
  54 ogres
  22 crocodiles
  An elf simulacrum (Depths:2)
  Duvessa (D:8)
  A boring beetle (Spider:5)
  A brain worm (D:12)
  3 elf zombies
  24 giant frogs
  2 big kobolds
  Blork the orc (D:8)
  2 wyvern zombies (D:9)
  15 scorpions
  7 wights
  28 killer bees
  3 electric eels
  13 crimson imps
  Dowan (D:8)
  A giant frog zombie (D:11)
  2 centaur zombies
  3 jellies
  40 orc priests
  33 orc wizards
  5 giant frog skeletons
  7 centaur skeletons
  11 hounds
  13 worker ants
  19 iguanas
  3 spectral swamp drakes (Swamp:5)
  4 hell rats
  26 sheep
  Ijyb (D:1)
  A hound zombie (D:4)
  A hound skeleton (D:4)
  2 worker ant zombies
  29 adders
  78 river rats
  3 swamp drake zombies (Swamp:5)
  11 gnolls
  3 shadow imps
  3 giant mites
  4 worms
  2 adder skeletons
  4 giant geckos
  3 oozes
  240 orcs
  2 ball pythons
  18 bats
  5 giant cockroaches
  19 goblins
  19 hobgoblins
  17 quokkas
  A giant cockroach zombie (D:4)
  5 giant newts
  3 giant spores
  15 jackals
  24 kobolds
  15 rats
  5 ballistomycetes
  4 butterflies (Orc:2)
  6 fungi
  A plant (Lair:4)
2455 creatures vanquished.

Vanquished Creatures (collateral kills)
  A caustic shrike (Depths:3)
  An octopode crusher (Depths:2)
  A shadow dragon (Depths:2)
  A fire giant (Depths:3)
  A vault warden (Vaults:3)
  A stone giant (Depths:2)
  An ironheart preserver (Vaults:3)
  A great orb of eyes (Depths:2)
  A spriggan air mage (Depths:2)
  2 vault guards (Vaults:3)
  An ice dragon (Depths:2)
  A spriggan berserker (Depths:2)
  4 deep trolls (Depths:2)
  An infernal demonspawn (Depths:1)
  A wizard (Depths:1)
  A mana viper (shapeshifter) (Depths:2)
  An elf (shapeshifter) (Depths:2)
  A raven (Depths:2)
  A spriggan (Depths:2)
  A hungry ghost (D:9)
  A wasp (Depths:2)
  4 boggarts (Depths:2)
  An ogre (Depths:2)
  A giant frog (D:9)
  A killer bee (D:9)
  A wight (D:7)
  A hound (Lair:1)
  An orc wizard (D:8)
  2 ogre zombies (Depths:2)
  Jessica (D:1)
  An adder (D:1)
  A giant gecko (D:1)
  A goblin (D:2)
41 creatures vanquished.

Vanquished Creatures (others)
  A minotaur (Depths:1)
  A quicksilver dragon zombie (Depths:2)
  2 storm dragon zombies
  2 very ugly thing zombies (Depths:2)
  A fire giant zombie (Depths:1)
  An octopode zombie (Depths:2)
  3 stone giant zombies
  3 ugly things (Vaults:3)
  A vault sentinel (Vaults:3)
  2 centaur skeletons (Depths:2)
  2 tengu conjurers (Depths:3)
  4 fire dragon zombies
  2 ravens (Depths:3)
  2 ettin zombies
  3 slime creatures (Depths:3)
  2 ugly thing zombies (Depths:2)
  A spriggan skeleton (Depths:3)
  A deep elf fighter (Elf:2)
  5 humans (Elf:2)
  A hill giant zombie (Depths:1)
  2 spriggan zombies (Depths:2)
  3 vampire mosquitoes (Vaults:3)
  5 deep troll zombies
  A raven zombie (Depths:2)
  A putrid demonspawn zombie (Depths:1)
  A raven skeleton (Depths:2)
  3 yaktaur zombies (Depths:3)
  A killer bee (D:9)
  3 tengu zombies (Depths:2)
  2 centaur zombies (Depths:2)
  A two-headed ogre zombie (Depths:2)
  A wasp zombie (Depths:2)
  An orc priest (D:9)
  2 ogre zombies
  3 white imps
  An orc (D:9)
  A bat zombie (D:5)
  A quokka (Lair:3)
  A kobold (D:9)
  A ballistomycete (D:11)
  2 butterflies
  40 fungi
  21 plants
  5 toadstools (D:1)
143 creatures vanquished.

Grand Total: 2639 creatures vanquished

Notes
Turn   | Place    | Note
--------------------------------------------------------------
     0 | D:1      | faibistes, the Deep Elf Wizard, began the quest for the Orb.
     0 | D:1      | Reached XP level 1. HP: 10/10 MP: 6/6
   492 | D:1      | Reached XP level 2. HP: 15/15 MP: 4/10
   509 | D:1      | Learned a level 2 spell: Blink
   512 | D:1      | Learned a level 2 spell: Call Imp
   606 | D:1      | Reached skill level 5 in Spellcasting
   870 | D:2      | Noticed Jessica
   918 | D:1      | Killed Jessica
   918 | D:1      | Reached XP level 3. HP: 17/19 MP: 5/14
   927 | D:1      | Learned a level 3 spell: Conjure Flame
   931 | D:1      | Learned a level 3 spell: Mephitic Cloud
  1006 | D:2      | Noticed Ijyb
  1552 | D:1      | Killed Ijyb
  1552 | D:1      | Reached XP level 4. HP: 21/24 MP: 1/17
  1570 | D:1      | Learned a level 2 spell: Repel Missiles
  1903 | D:2      | Found a glowing silver altar of Zin.
  2828 | D:3      | Reached skill level 6 in Spellcasting
  3025 | D:3      | Found a sacrificial altar of Ru.
  3054 | D:3      | Reached XP level 5. HP: 28/28 MP: 17/20
  3555 | D:5      | Entered Level 5 of the Dungeon
  4085 | D:4      | Found a glowing golden altar of the Shining One.
  4130 | D:4      | Reached XP level 6. HP: 27/32 MP: 13/22
  4480 | D:4      | Reached skill level 7 in Spellcasting
  4678 | D:4      | Found a bloodstained altar of Trog.
  4821 | D:4      | Found Miasoav's Armour Emporium.
  4905 | D:4      | Reached skill level 1 in Fighting
  4920 | D:4      | Found a shattered altar of Ashenzari.
  5373 | D:5      | Noticed a centaur
  5389 | D:5      | Killed a centaur
  5389 | D:5      | Reached XP level 7. HP: 32/39 MP: 18/25
  5538 | D:5      | Noticed an ice beast
  5645 | D:5      | Killed an ice beast
  5645 | D:5      | Reached skill level 8 in Spellcasting
  5810 | D:5      | Reached skill level 5 in Dodging
  6073 | D:6      | Noticed a two-headed ogre
  6126 | D:6      | Killed a two-headed ogre
  6126 | D:6      | Reached XP level 8. HP: 26/46 MP: 9/28
  6177 | D:6      | Reached skill level 9 in Spellcasting
  7016 | D:6      | Reached skill level 10 in Spellcasting
  7662 | D:7      | Reached skill level 5 in Fighting
  7898 | D:7      | Reached XP level 9. HP: 41/54 MP: 19/30
  8223 | D:7      | Found a staircase to the Ecumenical Temple.
  8233 | Temple   | Entered the Ecumenical Temple
  8949 | D:8      | Reached skill level 11 in Spellcasting
  9135 | D:7      | Found a basalt altar of Yredelemnul.
  9311 | D:7      | Found a sparkling altar of Nemelex Xobeh.
  9671 | D:8      | Found a deep blue altar of Sif Muna.
  9675 | D:8      | Found a sacrificial altar of Ru.
  9676 | D:8      | Found a stormy altar of Qazlal.
  9676 | D:8      | Found a shimmering altar of Xom.
  9679 | D:8      | Became a worshipper of Sif Muna the Loreminder
  9838 | D:8      | Found Emadom's General Store.
  9884 | D:8      | Noticed Blork the orc
  9914 | D:8      | Reached skill level 1 in Fire Magic
  9939 | D:8      | Killed Blork the orc
 10393 | D:8      | Reached skill level 1 in Air Magic
 10393 | D:8      | Reached skill level 1 in Poison Magic
 10560 | D:8      | Noticed Maurice
 10596 | D:8      | Acquired Sif Muna's first power
 10604 | D:8      | Killed Maurice
 10604 | D:8      | Reached skill level 5 in Conjurations
 10715 | D:8      | Reached XP level 10. HP: 48/60 MP: 9/32
 10906 | D:8      | Found a staircase to the Lair.
 11045 | D:8      | Reached skill level 12 in Spellcasting
 11195 | D:9      | Acquired Sif Muna's second power
 11449 | D:9      | Found a staircase to the Orcish Mines.
 11454 | D:9      | Noticed faibistes' ghost (powerful DEWz)
 11481 | D:9      | Found Chidwora's Assorted Antiques.
 11489 | D:9      | Killed faibistes' ghost
 11552 | D:10     | Entered Level 10 of the Dungeon
 11706 | D:10     | Reached skill level 1 in Invocations
 11720 | D:10     | Reached skill level 1 in Charms
 11984 | D:8      | Noticed Duvessa
 11984 | D:8      | Noticed Dowan
 12059 | D:8      | Killed Duvessa
 12063 | D:8      | Killed Dowan
 12063 | D:8      | Reached skill level 1 in Evocations
 12399 | D:8      | Found Fipsezit's Weapon Shop.
 12454 | D:9      | Reached skill level 5 in Fire Magic
 12479 | D:8      | Found an opulent altar of Gozag.
 13388 | D:9      | Reached XP level 11. HP: 64/64 MP: 18/34
 13517 | D:9      | Noticed Erolcha
 13532 | D:9      | Killed Erolcha
 13787 | D:9      | Noticed Grum
 13806 | D:9      | Killed Grum
 14007 | D:9      | Acquired Sif Muna's third power
 14274 | D:9      | Found a shattered altar of Ashenzari.
 14420 | D:9      | Noticed Pikel
 14430 | D:9      | Killed Pikel
 14662 | D:9      | Reached skill level 13 in Spellcasting
 14778 | Lair:1   | Entered Level 1 of the Lair of Beasts
 15076 | Lair:1   | Got a warped silver ring
 15078 | Lair:1   | Identified the ring "Keqius" {+Fly rF+ MR+ MP+9 Int-4 Dex-3} (You found it on level 1 of the Lair of Beasts)
 15669 | Lair:1   | Noticed Prince Ribbit
 15678 | Lair:1   | Killed Prince Ribbit
 15935 | Lair:2   | Noticed faibistes' ghost (powerful DEWz)
 16261 | Lair:2   | Killed faibistes' ghost
 16261 | Lair:2   | Reached skill level 5 in Invocations
 16484 | Lair:2   | Reached XP level 12. HP: 70/70 MP: 16/35
 16994 | Lair:1   | Reached skill level 5 in Charms
 17324 | Lair:1   | Reached skill level 5 in Translocations
 18086 | Lair:2   | Identified a +0 rod of ignition (12/12) (You found it on level 2 of the Lair of Beasts)
 19583 | Lair:3   | Noticed a five-headed hydra
 19597 | Lair:3   | Killed a five-headed hydra
 19734 | Lair:3   | Learned a level 3 spell: Passwall
 19739 | Lair:3   | Learned a level 4 spell: Passage of Golubria
 19742 | Lair:3   | Learned a level 2 spell: Swiftness
 19902 | Lair:3   | Reached skill level 5 in Evocations
 20080 | Lair:3   | Reached skill level 1 in Transmutations
 20343 | Lair:3   | Reached skill level 14 in Spellcasting
 20429 | Lair:3   | Reached skill level 1 in Earth Magic
 20583 | Lair:3   | Learned a level 5 spell: Lee's Rapid Deconstruction
 20712 | Lair:2   | Learned a level 6 spell: Bolt of Fire
 20989 | Lair:3   | Noticed a five-headed hydra
 21004 | Lair:3   | Killed a five-headed hydra
 21004 | Lair:3   | Received a gift from Sif Muna
 21005 | Lair:3   | Identified Sif Muna's Tome of the Voyage and Slavery (Sif Muna gifted it to you on level 3 of the Lair of Beasts)
 21688 | Lair:3   | Got a polished scythe
 21689 | Lair:3   | Identified the +3 scythe of Honesty {slice, rF++ Dex-5} (You found it on level 3 of the Lair of Beasts)
 21873 | Lair:5   | Gained mutation: You possess an exceptional clarity of mind. [potion of beneficial mutation]
 22352 | Lair:3   | Reached XP level 13. HP: 76/76 MP: 37/37
 22965 | Lair:4   | Found a hole to the Spider Nest.
 25971 | Lair:6   | Received a gift from Sif Muna
 25985 | Lair:6   | Learned a level 5 spell: Ignite Poison
 26199 | Lair:6   | Found a staircase to the Swamp.
 26515 | Lair:8   | Entered Level 8 of the Lair of Beasts
 26897 | Lair:6   | Reached skill level 5 in Earth Magic
 27685 | Lair:7   | Noticed Nergalle
 27690 | Lair:7   | Killed Nergalle
 27910 | Lair:7   | Found a staircase to the Slime Pits.
 28012 | Lair:7   | Reached XP level 14. HP: 82/82 MP: 33/38
 28012 | Lair:7   | Reached skill level 10 in Dodging
 28111 | Lair:8   | Reached skill level 15 in Spellcasting
 28928 | Lair:8   | Learned a level 4 spell: Petrify
 29374 | Lair:8   | Noticed a dire elephant
 29717 | Lair:8   | Killed a dire elephant
 30647 | Lair:8   | Found a burning altar of Makhleb.
 30663 | Lair:8   | Received a gift from Sif Muna
 30666 | Lair:8   | Identified Sif Muna's Tome of Combat Magic (Sif Muna gifted it to you on level 8 of the Lair of Beasts)
 31791 | Lair:8   | Found a gateway to Hell.
 32088 | Lair:2   | Learned a level 4 spell: Sticky Flame
 32097 | Lair:2   | Learned a level 1 spell: Summon Butterflies
 32162 | Orc:1    | Entered Level 1 of the Orcish Mines
 32375 | Orc:2    | Found Qoraf's Antique Weapon Shoppe.
 32726 | Orc:4    | Entered Level 4 of the Orcish Mines
 34861 | Orc:3    | Found a radiant altar of Vehumet.
 35711 | Orc:4    | Found a burning altar of Makhleb.
 36020 | Orc:4    | Found a staircase to the Elven Halls.
 36573 | Orc:4    | Reached skill level 10 in Invocations
 37050 | Orc:4    | Found Saxoid Araq's Magic Scroll Emporium.
 37051 | Orc:4    | Found Waacaud's General Store.
 37079 | Orc:4    | Bought a scroll of remove curse for 33 gold pieces
 37079 | Orc:4    | Bought a scroll of teleportation for 33 gold pieces
 37079 | Orc:4    | Bought a scroll of teleportation for 33 gold pieces
 37079 | Orc:4    | Bought a scroll of acquirement for 572 gold pieces
 37087 | Orc:4    | Learned a level 4 spell: Force Lance
 37564 | Orc:4    | Found a roughly hewn altar of Beogh.
 37579 | Orc:4    | Found Thripho's Armour Boutique.
 37579 | Orc:4    | Found Ylefatze's General Store.
 37584 | Orc:4    | Bought a +2 pair of gloves of archery for 214 gold pieces
 37619 | Orc:4    | Bought an uncursed ring of wizardry for 510 gold pieces
 38458 | Elf:1    | Entered Level 1 of the Elven Halls
 38491 | Elf:1    | Reached XP level 15. HP: 88/88 MP: 22/39
 38495 | Elf:1    | Reached skill level 16 in Spellcasting
 39156 | Elf:2    | Reached skill level 10 in Fire Magic
 40141 | Elf:1    | Reached skill level 10 in Conjurations
 40262 | Elf:1    | Identified the Catalogue of Dark Rituals
 40789 | Lair:1   | Received a gift from Sif Muna
 40790 | Lair:1   | Identified Sif Muna's Grimoire of Heresy (Sif Muna gifted it to you on level 1 of the Lair of Beasts)
 40819 | Lair:2   | Learned a level 6 spell: Iron Shot
 40825 | Lair:2   | Learned a level 4 spell: Iskenderun's Mystic Blast
 41485 | Elf:2    | Found a runed gate.
 41486 | Elf:2    | Found a runed gate.
 41486 | Elf:2    | Found a runed gate.
 41897 | Elf:2    | Noticed Rupert
 42377 | Elf:2    | Killed Rupert
 42622 | Elf:2    | Noticed Kirke
 42626 | Elf:2    | Killed Kirke
 43181 | Elf:2    | Noticed Louise
 43181 | Elf:2    | Noticed Asterion
 43196 | Elf:2    | Reached skill level 17 in Spellcasting
 43536 | Elf:2    | Killed Louise
 43537 | Elf:2    | Noticed a deep elf blademaster
 43549 | Elf:2    | Killed a deep elf blademaster
 43549 | Elf:2    | Reached skill level 10 in Earth Magic
 44003 | Elf:2    | Reached XP level 16. HP: 94/94 MP: 41/41
 44011 | Elf:2    | Received a gift from Sif Muna
 44030 | Elf:2    | Identified Lehudib's Guide on Burning Combat Magic (Sif Muna gifted it to you on level 2 of the Elven Halls)
 44164 | Elf:2    | Killed Asterion
 44867 | Lair:2   | Learned a level 5 spell: Ignite Poison
 44874 | Lair:2   | Learned a level 5 spell: Fireball
 45103 | Swamp:1  | Entered Level 1 of the Swamp
 45198 | Spider:1 | Entered Level 1 of the Spider Nest
 46235 | Spider:1 | Noticed Frances
 46242 | Spider:1 | Killed Frances
 48401 | Spider:2 | Reached skill level 18 in Spellcasting
 48411 | Spider:2 | Received a gift from Sif Muna
 48613 | Spider:2 | Noticed Snorg
 48617 | Spider:2 | Killed Snorg
 49787 | Spider:2 | Noticed Arachne
 49795 | Spider:2 | Killed Arachne
 50231 | Spider:4 | Noticed Jorgrun
 50236 | Spider:4 | Killed Jorgrun
 51637 | Lair:2   | Learned a level 6 spell: Invisibility
 51916 | Spider:2 | Reached XP level 17. HP: 100/100 MP: 41/42
 52433 | Spider:2 | Reached skill level 1 in Hexes
 52729 | Spider:5 | Entered Level 5 of the Spider Nest
 52981 | Spider:5 | Noticed Norris
 53344 | Spider:4 | Killed Norris
 54144 | Spider:5 | Received a gift from Sif Muna
 55828 | Spider:5 | Reached skill level 5 in Hexes
 55983 | Spider:5 | Noticed Roxanne
 55986 | Spider:5 | Reached skill level 19 in Spellcasting
 55987 | Spider:5 | Killed Roxanne
 57428 | Spider:5 | Received a gift from Sif Muna
 57429 | Spider:5 | Identified Sif Muna's Almanac of Conjuration (Sif Muna gifted it to you on level 5 of the Spider Nest)
 57692 | Spider:5 | Got a gossamer rune of Zot
 58295 | Lair:3   | Reached skill level 10 in Fighting
 58428 | Lair:2   | Learned a level 1 spell: Summon Butterflies
 58434 | Lair:2   | Learned a level 5 spell: Iskenderun's Battlesphere
 58439 | Lair:2   | Learned a level 4 spell: Petrify
 58903 | Lair:2   | Learned a level 5 spell: Ignite Poison
 60200 | Swamp:1  | Reached XP level 18. HP: 107/107 MP: 43/43
 64111 | Swamp:5  | Entered Level 5 of the Swamp
 64311 | Swamp:4  | Received a gift from Sif Muna
 64326 | Swamp:4  | Identified Sif Muna's Disquisition on Attacks (Sif Muna gifted it to you on level 4 of the Swamp)
 66143 | Swamp:5  | Reached skill level 20 in Spellcasting
 66390 | Swamp:5  | Noticed Nikola
 66399 | Swamp:5  | Killed Nikola
 69185 | Lair:2   | Learned a level 4 spell: Passage of Golubria
 69751 | Swamp:5  | Noticed a bone dragon
 69756 | Swamp:5  | Killed a bone dragon
 70465 | Swamp:5  | Got a decaying rune of Zot
 71194 | D:10     | Found Koypsoumm's Antique Weapon Emporium.
 71199 | D:10     | Noticed a hill giant
 71201 | D:10     | Killed a hill giant
 71395 | D:10     | Noticed a brown ugly thing
 71397 | D:10     | Killed a brown ugly thing
 71973 | D:10     | Noticed an unseen horror
 71974 | D:10     | Killed an unseen horror
 72502 | D:11     | Noticed a four-headed hydra
 72506 | D:11     | Killed a four-headed hydra
 73453 | D:12     | Received a gift from Sif Muna
 73458 | D:12     | Identified Sif Muna's Guide on Attacks and Ignition (Sif Muna gifted it to you on level 12 of the Dungeon)
 73653 | D:12     | Reached XP level 19. HP: 113/113 MP: 44/44
 74096 | Lair:2   | Learned a level 6 spell: Freezing Cloud
 74693 | D:13     | Found a blossoming altar of Fedhas.
 74700 | D:13     | Found Threxad's Gadget Shoppe.
 74804 | D:13     | Reached skill level 1 in Ice Magic
 74857 | D:13     | Found a gate to the Vaults.
 75152 | D:13     | Found a roughly hewn altar of Beogh.
 76241 | D:15     | Entered Level 15 of the Dungeon
 76246 | D:15     | Gained mutation: You passively map a small area around you. [potion of beneficial mutation]
 76667 | D:14     | Noticed Erica
 76669 | D:14     | Killed Erica
 78160 | D:15     | Found a blossoming altar of Fedhas.
 78772 | D:15     | Found a staircase to the Depths.
 79235 | Vaults:1 | Entered Level 1 of the Vaults
 79693 | Vaults:1 | Found Graimn's Magic Scroll Shop.
 79807 | Vaults:1 | Bought a scroll of teleportation for 57 gold pieces
 80205 | Vaults:1 | Received a gift from Sif Muna
 80439 | Vaults:1 | Noticed Wiglaf
 80448 | Vaults:1 | Killed Wiglaf
 80658 | Vaults:1 | Reached skill level 15 in Conjurations
 80671 | Vaults:1 | Reached skill level 21 in Spellcasting
 81894 | Vaults:1 | Reached skill level 15 in Fire Magic
 82196 | Vaults:1 | Got a transparent diamond amulet
 82265 | Vaults:1 | Noticed Aizul
 82266 | Vaults:1 | Reached skill level 15 in Earth Magic
 82266 | Vaults:1 | HP: 3/114 [Aizul/poison arrow (44)]
 82275 | Vaults:1 | Killed Aizul
 82329 | Vaults:1 | Identified the amulet "Zinnonuh" {Stasis rPois Int+2 Dex+4} (You took it off a yaktaur on level 1 of the Vaults)
 83671 | Vaults:1 | Reached XP level 20. HP: 89/120 MP: 45/45
 83938 | Vaults:2 | Received a gift from Sif Muna
 83944 | Vaults:2 | Identified Sif Muna's Catalogue of Warped Aid (Sif Muna gifted it to you on level 2 of the Vaults)
 83953 | Vaults:2 | Learned a level 6 spell: Deflect Missiles
 85276 | Vaults:2 | Found a portal to a secret trove of treasure.
 85761 | Vaults:2 | Found Ruosueg's Magic Scroll Shop.
 85871 | Vaults:2 | Bought a scroll of blinking for 165 gold pieces
 85871 | Vaults:2 | Bought a scroll of amnesia for 77 gold pieces
 85871 | Vaults:2 | Bought a scroll of holy word for 165 gold pieces
 86500 | Vaults:3 | Noticed Boris
 86803 | Vaults:3 | Killed Boris
 86803 | Vaults:3 | Received a gift from Sif Muna
 86804 | Vaults:3 | Identified Sif Muna's Catalogue of Damage Dealing (Sif Muna gifted it to you on level 3 of the Vaults)
 89779 | Vaults:3 | Found a staircase to the Crypt.
 90350 | Vaults:3 | Reached skill level 22 in Spellcasting
 90771 | Vaults:4 | Noticed Margery
 90804 | Vaults:4 | Killed Margery
 90804 | Vaults:4 | Received a gift from Sif Muna
 90804 | Vaults:4 | Reached XP level 21. HP: 125/125 MP: 18/46
 90806 | Vaults:4 | Identified Sif Muna's Guide on Fetching Attacks (Sif Muna gifted it to you on level 4 of the Vaults)
 93268 | Lair:2   | Learned a level 4 spell: Animate Dead
 93485 | Depths:1 | Entered Level 1 of the Depths
 93673 | Depths:1 | Reached skill level 1 in Necromancy
 93865 | Depths:1 | Found a one-way gate to the infinite horrors of the Abyss.
 94315 | Depths:1 | Found a one-way gate leading to the halls of Pandemonium.
 95051 | Depths:2 | Received a gift from Sif Muna
 95053 | Depths:2 | Identified Sif Muna's Tome of Stones (Sif Muna gifted it to you on level 2 of the Depths)
 95449 | Lair:2   | Learned a level 8 spell: Lehudib's Crystal Spear
 96137 | Depths:2 | HP: 3/126 [centaur/arrow[a centaur warrior] (5)]
 96138 | Depths:2 | HP: 1/126 [green very ugly thing (21)]
 96842 | Depths:3 | HP: 4/126 [deep troll (18)]
 97840 | Depths:3 | Received a gift from Sif Muna
 98508 | Depths:2 | Reached skill level 23 in Spellcasting
 98526 | Depths:2 | Reached XP level 22. HP: 94/132 MP: 44/47
 99906 | Depths:2 | Identified the Incunabulum of Enthralling Cold
100240 | Lair:2   | Learned a level 7 spell: Ring of Flames
101453 | Depths:3 | Received a gift from Sif Muna
101454 | Depths:3 | Identified Sif Muna's Catalogue of Scorching Damage Dealing (Sif Muna gifted it to you on level 3 of the Depths)
101821 | Depths:3 | Noticed a caustic shrike
101824 | Depths:3 | Noticed Frederick
101825 | Depths:3 | Killed a caustic shrike
102169 | Depths:3 | Found a gateway to a ziggurat.
102226 | Depths:3 | Annihilated by a stone giant

Action                   |  1- 3 |  4- 6 |  7- 9 | 10-12 | 13-15 | 16-18 | 19-21 | 22-24 || total
-------------------------+-------+-------+-------+-------+-------+-------+-------+-------++-------
Melee: Short sword       |     8 |    10 |       |       |       |       |       |       ||    18
       Dagger            |       |    17 |    48 |       |       |       |       |       ||    65
       Hand axe          |       |       |       |    57 |       |       |       |       ||    57
       Staff             |       |       |       |    88 |     6 |     6 |     5 |       ||   105
 Cast: Magic Dart        |    69 |   208 |   478 |   915 |   128 |       |       |       ||  1798
       Call Imp          |    14 |       |       |     3 |       |       |       |       ||    17
       Blink             |     5 |       |     3 |    18 |     9 |     8 |    19 |     4 ||    66
       Mephitic Cloud    |     8 |    13 |    34 |    99 |    11 |     1 |       |       ||   166
       Conjure Flame     |     2 |     2 |    21 |   138 |     8 |       |       |       ||   171
       Repel Missiles    |       |     1 |       |     1 |       |       |     1 |       ||     3
       Bolt of Fire      |       |       |       |    26 |   402 |   446 |   397 |    53 ||  1324
       Ignite Poison     |       |       |       |       |    47 |   143 |     1 |       ||   191
       Lee's Rapid Decon |       |       |       |       |   199 |    75 |   184 |    35 ||   493
       Petrify           |       |       |       |       |    22 |       |       |       ||    22
       Sticky Flame      |       |       |       |       |    10 |       |       |       ||    10
       Force Lance       |       |       |       |       |    32 |    63 |    47 |     7 ||   149
       Summon Butterflie |       |       |       |       |     4 |     1 |       |       ||     5
       Iron Shot         |       |       |       |       |     3 |    34 |    44 |       ||    81
       Iskenderun's Myst |       |       |       |       |     2 |     1 |       |       ||     3
       Fireball          |       |       |       |       |       |   242 |   135 |    33 ||   410
       Iskenderun's Batt |       |       |       |       |       |     9 |     2 |     1 ||    12
       Passage of Golubr |       |       |       |       |       |    10 |       |       ||    10
       Swiftness         |       |       |       |       |       |     1 |     2 |       ||     3
       Freezing Cloud    |       |       |       |       |       |       |    29 |       ||    29
       Deflect Missiles  |       |       |       |       |       |       |     5 |       ||     5
       Animate Dead      |       |       |       |       |       |       |    24 |    22 ||    46
       Lehudib's Crystal |       |       |       |       |       |       |     8 |     8 ||    16
Invok: Channel Energy    |       |       |       |    24 |    88 |   137 |   139 |    26 ||   414
       Forget Spell      |       |       |       |       |     3 |     1 |     1 |     1 ||     6
 Abil: Evoke Flight      |       |       |       |       |     1 |     2 |       |       ||     3
       Stop Flying       |       |       |       |       |       |     1 |       |       ||     1
Evoke: Wand              |       |       |       |     7 |     1 |       |     5 |     1 ||    14
  Use: Potion            |     1 |       |       |     2 |     1 |    10 |    10 |     3 ||    27
       Scroll            |       |     6 |    15 |    11 |    13 |    19 |    13 |    10 ||    87
 Stab: Distracted        |       |     1 |       |       |       |       |       |       ||     1
       Sleeping          |       |     2 |       |       |       |       |       |       ||     2
       Confused          |       |     3 |    10 |     9 |       |       |       |       ||    22
  Eat: Chunk             |     2 |    12 |    15 |    65 |   148 |    96 |    87 |     3 ||   428
       Fruit             |       |       |     1 |     3 |       |     9 |     1 |       ||    14
       Bread ration      |       |       |       |       |       |     2 |       |       ||     2
       Beef jerky        |       |       |       |       |       |     1 |     1 |     1 ||     3
       Pizza             |       |       |       |       |       |       |     1 |       ||     1
       Meat ration       |       |       |       |       |       |       |     1 |       ||     1
       Royal jelly       |       |       |       |       |       |       |       |     2 ||     2
